 Dungeon Crawl Stone Soup version 0.21.1-1-g345015fe64 (webtiles) character file.

20904 Engwar the Destroyer (level 12, -4/94 HPs)
             Began as a Red Draconian Wizard on June 19, 2018.
             Was a Priest of Vehumet.
             Slain by a six-headed hydra (11 damage)
             ... on level 5 of the Lair of Beasts on June 22, 2018.
             The game lasted 01:57:46 (19818 turns).

Engwar the Destroyer (Red Draconian Wizard)        Turns: 19818, Time: 01:57:48

Health: -4/94      AC: 10    Str:  9    XL:     12   Next: 49%
Magic:  23/25      EV: 17    Int: 23    God:    Vehumet [***...]
Gold:   820        SH:  0    Dex: 11    Spells: 4/30 levels left

rFire    + . .     SeeInvis .   b - staff of conjuration
rCold    + . .     Gourm    .   (no shield)
rNeg     . . .     Faith    .   (armour unavailable)
rPois    .         Spirit   .   m - +0 hat
rElec    .         Reflect  .   (no cloak)
rCorr    .         Harm     .   h - +0 pair of gloves
MR       .....                  s - +0 pair of boots
Stlth    ++........             (no amulet)
HPRegen  0.25/turn              l - +3 ring of evasion
MPRegen  0.19/turn              u - ring of protection from cold

@: no status effects
A: breathe fire, unfitting armour, fire resistance 1, cold-blooded, AC +8
a: Breathe Fire, Renounce Religion


You were on level 5 of the Lair of Beasts.
You worshipped Vehumet.
Vehumet was most pleased with you.
You were not hungry.

You visited 4 branches of the dungeon, and saw 17 of its levels.
You also visited: Volcano.

You collected 820 gold pieces.

Inventory:

Hand Weapons
 a - a +2 whip of flaming
 o - a +0 dagger of venom
Armour
 h - a +0 pair of gloves (worn)
 m - a +0 hat (worn)
 s - a +0 pair of boots (worn)
Magical Staves
 b - an uncursed staff of conjuration (weapon)
Jewellery
 l - a +3 ring of evasion (left hand)
 r - a +4 ring of dexterity {unknown}
 u - a ring of protection from cold (right hand)
 v - an uncursed ring of fire
Wands
 y - a wand of disintegration (12)
 C - a wand of scattershot (5)
Scrolls
 e - 8 scrolls of amnesia
 k - a scroll of teleportation
 q - 8 scrolls of remove curse
 z - 4 scrolls of fog
 D - 5 scrolls of magic mapping
 E - a scroll of enchant armour
Potions
 d - 3 potions of curing
 g - 3 potions of mutation
 i - 2 potions of berserk rage
 j - 3 potions of flight
 n - 3 potions of heal wounds
 p - 5 potions of brilliance
 t - 2 potions of ambrosia
 w - 5 potions of might
 x - a potion of magic
 A - 2 potions of cancellation
 B - a potion of invisibility
 F - a potion of agility {unknown}
Books
 f - a book of Misfortune

   Spells                             Type                      Level
   a - Confusing Touch                Hexes                        1
   b - Confuse                        Hexes                        3
   c - Gell's Gravitas                Translocation                3
   d - Petrify                        Transmutation/Earth          4
   e - Metabolic Englaciation         Hexes/Ice                    5
   f - Yara's Violent Unravelling     Hexes/Transmutation          5
Comestibles
 c - 28 rations


   Skills:
 - Level 5.0 Fighting
 - Level 5.1 Dodging
 - Level 4.1 Stealth
 + Level 9.7 Spellcasting
 + Level 14.4 Conjurations
 - Level 2.0 Hexes
 - Level 2.0 Charms
   Level 1.0 Summonings
 - Level 2.2 Necromancy
 - Level 3.2 Translocations
 - Level 4.1 Fire Magic
 - Level 2.0 Air Magic
 - Level 2.0 Poison Magic


You had 4 spell levels left.
You knew the following spells:

 Your Spells              Type           Power        Failure   Level  Hunger
a - Magic Dart            Conj           ####         0%          1    None
b - Blink                 Tloc           N/A          2%          2    None
c - Shock                 Conj/Air       ####         1%          1    None
d - Mephitic Cloud        Conj/Pois/Air  ######..     1%          3    None
e - Conjure Flame         Conj/Fire      ######..     1%          3    None
f - Confuse               Hex            ###.....     8%          3    None
g - Gell's Gravitas       Tloc           ####......   4%          3    None
h - Ignite Poison         Fire/Tmut/Pois ###.....     2%          3    None
i - Regeneration          Chrm/Necr      ###.......   8%          3    None
j - Fulminant Prism       Conj/Hex       ######....   1%          4    ##.....


Dungeon Overview and Level Annotations

Branches:
Dungeon (9/15)             Temple (1/1) D:7            Lair (6/6) D:9
  Swamp (0/4) Lair:4       Spider (0/4) Lair:2        Slime (1/5) Lair:5
    Orc: D:9-12

Altars:
Ashenzari
Cheibriados
Dithmenos
Elyvilon
Fedhas
Gozag
Hepliaklqana
Kikubaaqudgha
Makhleb
Nemelex Xobeh
Okawaru
Qazlal
Ru
Sif Muna
Trog
Uskayaw
Vehumet
Wu Jian
Xom
Yredelemnul
Zin
The Shining One
Beogh

Annotations:
D:4 Sigmund
Lair:1 Gastronok
Lair:4 Artool's ghost, journeyman DsGl


Innate Abilities, Weirdness & Mutations

You can breathe blasts of fire.
Your fiery red scales are hard. (AC +8)
You cannot fit into any form of body armour.
Your flesh is heat resistant. (rF+)
You are cold-blooded and may be slowed by cold attacks.


Message History

Unknown command.
Unknown command.
Unknown command.
You feel better. The spiny frog stings you.
* * * LOW HITPOINT WARNING * * *
You are lethally poisoned!
The spiny frog poisons you! The spiny frog stings you.
* * * LOW HITPOINT WARNING * * *
The six-headed hydra bites you but does no damage.
The six-headed hydra misses you. x3; The six-headed hydra barely misses you.
The six-headed hydra misses you.
Unknown command.
Unknown command.
You feel better. The spiny frog misses you.
The spiny frog stings you but does no damage.
The six-headed hydra bites you.
* * * LOW HITPOINT WARNING * * *
The six-headed hydra bites you but does no damage.
The six-headed hydra barely misses you. The six-headed hydra bites you!
You die...

####......## ###.......
#.......#######.#.......
#.......##.##..#........
##......P#...............
#........................ ###
###.....#......P......... .P###
#.....P........P....... ....###
##...FD................ ...##.###
#.#..F@..##............
......^.###......................
<................................
.....................>...........
?.......................#........
..................#.....#........
###.#.................###.##.....
#........................##.....
##P.............>....####.#.....


You could see a six-headed hydra and 2 spiny frogs.

Vanquished Creatures
  5 hydras
  A two-headed ogre (D:7)
  2 death yaks (Lair:5)
  Pikel (D:4)
  A black mamba (Lair:5)
  11 spiny frogs
  3 komodo dragons
  A rime drake (Lair:4)
  A queen bee (D:9)
  A tyrant leech (Lair:4)
  Grinder (D:6)
  A hornet (D:8)
  3 blink frogs (Lair:4)
  4 hippogriffs
  The ghost of Chudej the Magician, an amateur DECj (D:5)
  3 basilisks
  A wyvern (D:8)
  Eustachio (D:4)
  3 hungry ghosts
  Menkaure (D:4)
  An acid dragon (D:7)
  Duvessa (D:6)
  6 water moccasins
  6 porcupines
  2 ice beasts
  4 orc warriors
  A sky beast (D:6)
  4 slaves (D:4)
  5 phantoms
  4 ogres
  The ghost of chorionicmirror the Shield-Bearer, an amateur MiFi (D:3)
  A wolf (Lair:5)
  2 centaurs (D:8)
  5 crocodiles
  Dowan (D:6)
  8 bullfrogs
  A wyvern zombie (D:7)
  2 scorpions (D:4)
  34 killer bees
  4 wights (D:9)
  An electric eel (Lair:5)
  2 howler monkeys (D:4)
  2 crimson imps
  A bullfrog zombie (D:5)
  5 jellies
  5 orc priests
  3 hounds
  4 bullfrog skeletons
  4 iguanas
  5 orc wizards
  7 worker ants
  A hound skeleton (D:4)
  Robin (D:4)
  15 gnolls
  10 adders
  A shadow imp (D:8)
  An adder skeleton (D:5)
  An adder zombie (D:5)
  A worm (D:1)
  4 dart slugs
  8 leopard geckos
  53 orcs
  4 ball pythons
  7 giant cockroaches
  20 goblins
  8 hobgoblins
  12 jackals
  6 kobolds
  3 quokkas
  12 bats
  8 frilled lizards
  A jackal skeleton (D:9)
  3 quokka skeletons
  4 rats
  A plant (D:9)
363 creatures vanquished.

Vanquished Creatures (collateral kills)
  A killer bee (D:9)
1 creature vanquished.

Vanquished Creatures (others)
  A killer bee (D:9)
  A fulminant prism (Lair:5)
  2 fungi
  6 plants
10 creatures vanquished.

Grand Total: 374 creatures vanquished

Notes
Turn   | Place    | Note
-------+----------+-------------------------------------------
     0 | D:1      | Engwar the Draconian Wizard began the quest for the Orb.
     0 | D:1      | Reached XP level 1. HP: 14/14 MP: 4/4
   340 | D:1      | Reached skill level 2 in Conjurations
   556 | D:1      | Reached XP level 2. HP: 20/20 MP: 3/6
   560 | D:1      | Learned a level 2 spell: Blink
   563 | D:1      | Learned a level 2 spell: Call Imp
  1192 | D:1      | Reached skill level 3 in Conjurations
  1256 | D:1      | Reached XP level 3. HP: 25/26 MP: 1/7
  1263 | D:1      | Learned a level 3 spell: Mephitic Cloud
  2147 | D:2      | Reached skill level 1 in Air Magic
  2149 | D:2      | Reached skill level 1 in Poison Magic
  2242 | D:2      | Reached XP level 4. HP: 33/33 MP: 1/8
  2305 | D:2      | Found a hide-covered altar of Uskayaw.
  3183 | D:3      | Noticed chorionicmirror's ghost (amateur MiFi)
  3330 | D:3      | Found a shadowy altar of Dithmenos.
  3695 | D:2      | Reached skill level 4 in Conjurations
  3695 | D:2      | Reached XP level 5. HP: 38/38 MP: 2/10
  4612 | D:4      | Noticed Grinder
  4612 | D:4      | Noticed Eustachio
  4613 | D:4      | Paralysed by Grinder for 6 turns
  4705 | D:4      | Reached XP level 6. HP: 42/45 MP: 7/11
  4711 | D:4      | Reached skill level 5 in Conjurations
  4997 | D:4      | Learned a level 3 spell: Conjure Flame
  5056 | D:4      | Found a stormy altar of Qazlal.
  5229 | D:4      | Noticed Robin
  5259 | D:4      | Killed Robin
  5259 | D:4      | Reached skill level 6 in Conjurations
  5399 | D:4      | Noticed Menkaure
  5481 | D:4      | Reached skill level 1 in Fire Magic
  5806 | D:4      | Noticed a hungry ghost
  5817 | D:4      | Killed a hungry ghost
  5817 | D:4      | Your scales start taking on a fiery red colour.
  5817 | D:4      | Reached XP level 7. HP: 50/50 MP: 1/12
  5817 | D:4      | Gained mutation: Your flesh is heat resistant. (rF+) [Red Draconian growth]
  6020 | D:4      | Noticed Sigmund
  6067 | D:4      | Found an ornate altar of the Wu Jian Council.
  6222 | D:4      | Killed Eustachio
  6238 | D:4      | Learned a level 3 spell: Confuse
  6457 | D:3      | Killed chorionicmirror's ghost
  6457 | D:3      | Reached skill level 7 in Conjurations
  6603 | D:5      | Entered Level 5 of the Dungeon
  6674 | D:5      | Noticed Chudej's ghost (amateur DECj)
  6705 | D:5      | Reached skill level 1 in Hexes
  6815 | D:5      | Noticed Pikel
  6845 | D:4      | Reached XP level 8. HP: 38/57 MP: 14/14
  7102 | D:4      | Killed Menkaure
  7168 | D:4      | Killed Pikel
  7168 | D:4      | Reached skill level 5 in Spellcasting
  7168 | D:4      | Reached skill level 8 in Conjurations
  7264 | D:5      | Killed Chudej's ghost
  7299 | D:4      | Reached skill level 9 in Conjurations
  7855 | D:5      | Found a bloodstained altar of Trog.
  7855 | D:5      | Found a sacrificial altar of Ru.
  7883 | D:5      | Reached XP level 9. HP: 59/62 MP: 17/17
  8158 | D:6      | Killed Grinder
  8158 | D:6      | Reached skill level 10 in Conjurations
  8163 | D:6      | Learned a level 3 spell: Gell's Gravitas
  8167 | D:6      | Found an opulent altar of Gozag.
  8304 | D:6      | Reached skill level 1 in Fighting
  8590 | D:6      | Found a glowing golden altar of the Shining One.
  8594 | D:6      | Noticed Dowan
  8597 | D:6      | Noticed Duvessa
  8614 | D:6      | Killed Duvessa
  8630 | D:6      | Killed Dowan
  9566 | D:7      | Noticed a two-headed ogre
  9592 | D:7      | Killed a two-headed ogre
  9592 | D:7      | Reached XP level 10. HP: 80/80 MP: 8/20
  9788 | D:7      | Found a staircase to the Ecumenical Temple.
  9797 | Temple   | Entered the Ecumenical Temple
  9805 | Temple   | Became a worshipper of Vehumet
 10102 | D:8      | Reached skill level 5 in Fighting
 10305 | D:8      | Reached skill level 11 in Conjurations
 11005 | D:8      | Reached * piety under Vehumet
 11005 | D:8      | Offered knowledge of Shock by Vehumet.
 11033 | D:8      | Learned a level 1 spell: Shock
 11082 | D:8      | Found a roughly hewn altar of Beogh.
 11568 | D:9      | Reached ** piety under Vehumet
 11568 | D:9      | Offered knowledge of Freeze by Vehumet.
 12314 | D:9      | Reached skill level 12 in Conjurations
 12316 | D:9      | Offered knowledge of Ignite Poison by Vehumet.
 12801 | D:9      | Reached XP level 11. HP: 86/86 MP: 17/21
 12802 | D:9      | Found a staircase to the Lair.
 12997 | D:9      | Reached *** piety under Vehumet
 13002 | D:9      | Learned a level 3 spell: Ignite Poison
 13602 | Lair:1   | Entered Level 1 of the Lair of Beasts
 13623 | Lair:1   | Noticed Gastronok
 13884 | Lair:1   | Noticed an eight-headed hydra
 13896 | Lair:1   | Killed an eight-headed hydra
 13896 | Lair:1   | Reached skill level 5 in Dodging
 14516 | Lair:2   | Found a hole to the Spider Nest.
 14639 | Lair:2   | Found a dark tunnel.
 14652 | Volcano  | Entered a volcano
 14653 | Volcano  | Noticed a red ugly thing
 16464 | Lair:3   | Reached skill level 13 in Conjurations
 16564 | Lair:4   | Learned a level 3 spell: Regeneration
 16604 | Lair:4   | Noticed Artool's ghost (journeyman DsGl)
 16633 | Lair:4   | Found a staircase to the Swamp.
 16687 | Lair:4   | Reached skill level 1 in Necromancy
 17164 | Lair:4   | Noticed an eight-headed hydra
 17172 | Lair:4   | Killed an eight-headed hydra
 17172 | Lair:4   | Reached skill level 1 in Charms
 17202 | Lair:4   | HP: 4/86 [poisoned by a spiny frog]
 17706 | Lair:4   | Noticed a five-headed hydra
 18136 | Lair:4   | Killed a five-headed hydra
 18316 | Lair:4   | Reached XP level 12. HP: 94/94 MP: 16/24
 18410 | Lair:4   | Offered knowledge of Fulminant Prism by Vehumet.
 18477 | Lair:5   | Found a staircase to the Slime Pits.
 18486 | Lair:5   | Learned a level 4 spell: Fulminant Prism
 18871 | Lair:5   | Noticed a five-headed hydra
 18878 | Lair:5   | Killed a five-headed hydra
 18888 | Lair:5   | Noticed a seven-headed hydra
 18896 | Lair:5   | Killed a seven-headed hydra
 18896 | Lair:5   | Reached skill level 14 in Conjurations
 19498 | Lair:6   | Entered Level 6 of the Lair of Beasts
 19498 | Lair:6   | Noticed a six-headed hydra
 19498 | Lair:6   | Noticed a death yak
 19498 | Lair:6   | Noticed a death yak
 19500 | Lair:6   | Noticed a death yak
 19500 | Lair:6   | Noticed a death yak
 19500 | Lair:6   | Noticed a death yak
 19566 | Lair:6   | Noticed a six-headed hydra
 19619 | Slime:1  | Entered Level 1 of the Pits of Slime
 19670 | Lair:6   | Noticed a death yak
 19670 | Lair:6   | Noticed a death yak
 19700 | Lair:5   | Killed a death yak
 19720 | Lair:5   | Killed a death yak
 19816 | Lair:5   | HP: 3/94 [poisoned by a spiny frog]
 19817 | Lair:5   | HP: 1/94 [spiny frog (5)]
 19818 | Lair:5   | Slain by a six-headed hydra

Skill      XL: |  1  2  3  4  5  6  7  8  9 10 11 12 |
---------------+-------------------------------------+-----
Conjurations   | 2 3 4 6 7 9 10 12 13 14 | 14.4
Air Magic      | 1 2 |  2.0
Poison Magic   | 1 2 |  2.0
Fire Magic     | 2 4 |  4.1
Spellcasting   | 4 5 6 8 9 |  9.7
Translocations | 2 3 |  3.2
Hexes          | 1 2 |  2.0
Fighting       | 4 5 |  5.0
Stealth        | 4 |  4.1
Dodging        | 3 5 |  5.1
Necromancy     | 2 |  2.2
Charms         | 2 |  2.0
Summonings     | |  1.0

Action                   |  1- 3 |  4- 6 |  7- 9 | 10-12 || total
-------------------------+-------+-------+-------+-------++-------
Melee: Short sword       |    15 |       |       |       ||    15
       Tailslap          |     7 |     9 |    17 |    16 ||    49
       Dagger            |    45 |   150 |       |     2 ||   197
       Whip              |       |       |   184 |   217 ||   401
       Staff             |       |       |       |    46 ||    46
 Cast: Magic Dart        |   101 |   185 |   204 |   426 ||   916
       Call Imp          |     1 |     1 |       |       ||     2
       Mephitic Cloud    |       |     7 |    12 |    33 ||    52
       Blink             |       |     1 |     1 |    15 ||    17
       Conjure Flame     |       |     1 |     1 |       ||     2
       Confuse           |       |       |     1 |     8 ||     9
       Shock             |       |       |       |     8 ||     8
       Gell's Gravitas   |       |       |       |     5 ||     5
       Ignite Poison     |       |       |       |    18 ||    18
       Regeneration      |       |       |       |     8 ||     8
       Fulminant Prism   |       |       |       |     1 ||     1
 Abil: Breathe Fire      |       |       |    28 |    69 ||    97
  Use: Scroll            |     5 |     8 |     6 |    13 ||    32
       Potion            |       |       |       |     7 ||     7
 Stab: Sleeping          |       |       |     1 |       ||     1
       Confused          |       |       |       |     4 ||     4
  Eat: Chunk             |     2 |    10 |     9 |    12 ||    33
       Ration            |     1 |     1 |     2 |    10 ||    14
Armor: Skin              |    25 |    52 |    74 |   128 ||   279
Dodge: Dodged            |    49 |   175 |   186 |   431 ||   841
